 Dungeon Crawl Stone Soup version 0.27.1-37-g7b29ead8ac (console) character file.

Game seed: 8178980261473432774

136635 grimtooth the Warrior (level 17, -9/201 HPs)
             Began as an Ogre Berserker on Mar 20, 2023.
             Was a High Priest of Trog.
             Mangled by an entropy weaver (17 damage)
             ... on level 4 of the Spider Nest on Mar 21, 2023.
             The game lasted 03:17:15 (49916 turns).

grimtooth the Warrior (Ogre Berserker)             Turns: 49916, Time: 03:17:15

Health: -9/201     AC: -16   Str: 28    XL:     17   Next: 22%
Magic:  17/17      EV: 16    Int:  8    God:    Trog [*****.]
Gold:   1793       SH:  0    Dex: 10    Spells: 16/16 levels left

rFire    + . .     SeeInvis .   b - +5 broad axe (flame)
rCold    + . .     Faith    +   m - +2 kite shield {rF+}
rNeg     . . .     Spirit   .   Q - +2 robe {rC+}
rPois    +         Reflect  .   y - +1 hat {Will+}
rElec    .         Harm     .   Z - +1 cloak {rPois}
rCorr    .         Rampage  .   (gloves unavailable)
Will     ++...                  (boots unavailable)
Stlth    +.........             W - amulet of faith
HPRegen  0.43/turn              H - +4 ring of evasion
MPRegen  0.15/turn              J - +4 ring of protection

@: confused, ambrosia-drunk, corroded, on berserk cooldown, very slightly
contaminated, hasted, invisible, very quick
A: large, unfitting armour, tough skin 1
a: Renounce Religion, Berserk, Trog's Hand, Brothers in Arms


You were on level 4 of the Spider Nest.
You worshipped Trog.
Trog was extremely pleased with you.
You visited 4 branches of the dungeon, and saw 27 of its levels.
You also visited: Bailey and Ice Cave.

You collected 3164 gold pieces.
You spent 1371 gold pieces at shops.

Inventory:

Hand Weapons
 a - the +8 lance "Wyrmbane" {slay drac, rPois rF+ rC+ AC+3}
   (You found it on level 6 of the Lair of Beasts)

   It inflicts extra damage against dragons and draconians.
   AC:        It affects your AC (+3).
   rF:        It protects you from fire.
   rC:        It protects you from cold.
   rPois:     It protects you from poison.
 b - a +5 broad axe of flaming (weapon)
 d - a +3 vampiric morningstar
 C - a +0 lajatang of freezing
 E - a +2 morningstar of freezing
 N - a +2 antimagic quarterstaff
Missiles
 e - 18 large rocks
 h - 3 curare-tipped darts
 j - 68 poisoned darts
 p - 14 javelins
 t - 20 boomerangs (quivered)
 X - 2 throwing nets {=f}
Armour
 g - a +1 robe of willpower
 m - a +2 kite shield of fire resistance (worn)
 y - a +1 hat of willpower (worn)
 D - +2 ice dragon scales
 Q - a +2 robe of cold resistance (worn)
 Z - a +1 cloak of poison resistance (worn)
Jewellery
 r - a ring of protection from cold
 z - a ring of ice
 H - a +4 ring of evasion (left hand)
 J - a +4 ring of protection (right hand)
 R - a ring of protection from cold
 U - a ring of ice
 V - a ring of resist corrosion
 W - an amulet of faith (around neck)
Wands
 f - a wand of flame (39)
 o - a wand of acid (36)
 q - a wand of iceblast (30)
 s - a wand of digging (12)
 x - a wand of charming (10)
 Y - a wand of paralysis (6)
Scrolls
 i - 7 scrolls of vulnerability
 l - 2 scrolls of summoning
 n - 5 scrolls of magic mapping
 w - 4 scrolls of teleportation
 A - 5 scrolls of fog
 G - a scroll of enchant weapon
 L - a scroll of silence
 O - a scroll of fear
 S - 3 scrolls of identify {@r4}
Potions
 c - 4 potions of ambrosia
 u - 2 potions of resistance
 v - a potion of curing
 F - a potion of invisibility
 I - 2 potions of might
 K - 2 potions of cancellation
 M - a potion of magic
 P - 3 potions of haste
 T - 3 potions of flight
Miscellaneous
 B - a phial of floods


   Skills:
 - Level 20.0 Fighting
 - Level 7.8(12.8) Axes
 + Level 13.2(13.8) Maces & Flails
 + Level 7.3(8.9) Polearms
 - Level 12.0 Throwing
 - Level 9.0 Dodging
 - Level 9.0 Shields
 - Level 6.0 Evocations


You had 16 spell levels left.
You didn't know any spells.
Your spell library was empty.

Dungeon Overview and Level Annotations

Branches:
Dungeon (15/15)            Temple (0/1) D:7            Lair (6/6) D:9
 Shoals (0/4) Lair:2       Spider (4/4) Lair:3        Slime (0/5) Lair:6
    Orc (2/2) D:9             Elf (0/3) Orc:2        Vaults (0/5) D:13
 Depths (0/5) D:15         Bailey (visited)           IceCv (visited)

Altars:
Ashenzari
Dithmenos
Elyvilon
Fedhas
Kikubaaqudgha
Makhleb
Nemelex Xobeh
Okawaru
Uskayaw
Vehumet
Wu Jian
Xom
The Shining One
Beogh

Shops:
D:1 ?   D:4 *   D:5 *   D:9 [   D:14 [(=   Orc:1 (((   Orc:2 [![:

Portals:
Trove: D:11 (give +6 ice dragon scales)

Annotations:
D:14 3 runed translucent doors, Ponit's ghost, journeyman DECj
Spider:4 1 exclusion


Innate Abilities, Weirdness & Mutations

You are too large for most types of armour.
You have tough skin. (AC +1)


Message History

You block the entropy weaver's attack. The entropy weaver hits you.
* * * LOW HITPOINT WARNING * * *
You block the entropy weaver's attack. x2
You fade into invisibility!
You block the redback's attack. The entropy weaver hits you!
* * * LOW HITPOINT WARNING * * *
The entropy weaver misses you. The entropy weaver hits you.
* * * LOW HITPOINT WARNING * * *
The entropy weaver hits you.
* * * LOW HITPOINT WARNING * * *
You block the redback's attack.
You are very lightly contaminated with residual magic.
Press: ? - help, v - describe, . - travel
Here: an entropy weaver (severely wounded)
The floor, spattered with blood.
Okay, then.
Enter note: - fuckin hell
Okay, then.
Press: ? - help, v - describe, . - travel
Here: an entropy weaver (severely wounded)
The floor, spattered with blood.
You are confused.
You feel invigorated.
You feel yourself speed up.
The entropy weaver gestures at you while chanting.
The entropic weave corrodes you! The redback barely misses you.
The tarantella hisses angrily.
You slash the entropy weaver! You burn the entropy weaver.
The entropy weaver is severely wounded.
You miss the redback. The redback closely misses you.
The entropy weaver gestures at you while chanting.
The entropic weave corrodes you!
Unknown command.
You bump into the rock wall.
The entropy weaver hits you.
* * * LOW HITPOINT WARNING * * *
The entropy weaver hits you!
* * * LOW HITPOINT WARNING * * *
The entropy weaver hits you!
You die...

,...#*** ......,*
......#####
.<...(#...####
....#..#.....#
...........†<#
....#........###
........†....#.##
..........#(....#
..........(...####
.....(...(....#B@#
....((...(...sss###
.#((......†....s#.#
...........s....s.##
s........(.s.......#
...........s.......#
..............#...##
......./........###
.................#
.................##
,,..............!$##


You could see an entropy weaver, an orb spider (charged), 3 tarantellas and 3
redbacks.

Vanquished Creatures
  A fire giant (D:14)
  An emperor scorpion (Spider:3)
  3 reapers (IceCv)
  An entropy weaver (Spider:2)
  A quicksilver dragon zombie (D:15)
  3 boulder beetles
  An ogre mage (Orc:2)
  Erolcha (Orc:2)
  A merfolk avatar (Lair:6)
  5 hydras
  A death knight (D:13)
  8 centaur warriors
  3 two-headed ogres
  6 death yaks
  2 tengu warriors
  Sonja (Orc:2)
  Nergalle (Orc:2)
  5 skeletal warriors
  2 sea snakes (Lair:6)
  An obsidian statue (IceCv)
  2 flayed ghosts (D:14)
  An orange crystal statue (IceCv)
  A necromancer (D:15)
  4 orc knights
  A phantasmal warrior (D:13)
  A tengu skeleton (D:15)
  2 harpies (Lair:6)
  7 ugly things (D:14)
  A deep elf pyromancer (D:15)
  9 wolf spiders
  4 cyclopes
  10 orc sorcerers
  A manticore (shapeshifter) (D:14)
  7 orb spiders
  4 manticores
  15 elephants
  A moth of wrath (Spider:4)
  5 black mambas
  A guardian serpent (shapeshifter) (D:13)
  A kobold demonologist (D:12)
  14 cane toads
  2 gargoyles
  7 rime drakes
  9 komodo dragons
  3 torpor snails
  2 efreet
  A spriggan skeleton (D:15)
  4 yaktaurs (D:13)
  A yaktaur (shapeshifter) (D:15)
  2 tengu conjurers
  12 freezing wraiths
  2 unseen horrors
  4 entropy weaver simulacra (IceCv)
  4 ice devils (IceCv)
  12 demonic crawlers
  3 meliai (D:15)
  3 hornets
  10 trolls
  22 jumping spiders
  A queen bee (Lair:3)
  2 polar bears (Lair:6)
  7 slime creatures
  A wind drake (Lair:6)
  5 blink frogs
  An ice dragon zombie (D:15)
  11 wyverns
  50 redbacks
  A spriggan (Lair:1)
  54 yaks
  2 spriggan simulacra (IceCv)
  A vampire (D:9)
  2 wraiths
  22 tarantellas
  10 basilisks
  2 minotaur simulacra (IceCv)
  A steam dragon (Lair:6)
  11 vampire mosquitoes
  A harpy simulacrum (IceCv)
  2 hydra simulacra (IceCv)
  A hell hound (Lair:6)
  A water moccasin (shapeshifter) (D:14)
  Duvessa (D:5)
  15 water moccasins
  18 orc warriors
  A black bear (Lair:3)
  An ice beast (D:6)
  3 sky beasts
  A necrophage (D:5)
  An ice beast (shapeshifter) (D:15)
  11 ogres
  2 alligator simulacra (IceCv)
  19 centaurs
  A boggart (D:13)
  21 wolves
  3 kobold brigands
  2 scorpions
  9 bullfrogs
  A hornet simulacrum (D:14)
  Dowan (D:5)
  28 killer bees
  4 howler monkeys
  An electric eel (D:14)
  3 centaur zombies
  2 jellies
  A bullfrog skeleton (D:6)
  4 hounds
  9 orc priests
  2 gnoll shamans
  2 iguanas
  Ijyb (D:4)
  27 orc wizards
  19 hell rats
  A killer bee zombie (D:6)
  Robin (D:4)
  A howler monkey skeleton (D:3)
  11 gnolls
  8 adders
  A shadow imp (D:7)
  A white imp (D:7)
  An ufetubus (D:7)
  2 adder skeletons
  A worm (D:2)
  3 dart slugs
  70 orcs
  10 endoplasms
  7 giant cockroaches
  12 goblins
  7 hobgoblins
  9 jackals
  16 kobolds
  A quokka (D:1)
  3 ball pythons
  8 bats
  A frilled lizard (D:1)
  5 rats
826 creatures vanquished.

Vanquished Creatures (collateral kills)
  Jorgrun (D:12)
  Asterion (Spider:1)
  Frances (D:12)
  A death yak (Lair:5)
  2 ugly things (D:14)
  2 wolf spiders (Lair:3)
  A jumping spider (Lair:3)
  3 redbacks (Spider:1)
  A centaur (D:14)
  A butterfly (Lair:4)
14 creatures vanquished.

Vanquished Creatures (others)
  A centaur warrior (D:14)
  A bog body (IceCv)
  An orb spider (Spider:4)
  An orc wizard (Orc:2)
  A hobgoblin (D:3)
  A bush (Lair:1)
  67 fungi
  120 plants
  3 withered plants (D:15)
196 creatures vanquished.

Grand Total: 1036 creatures vanquished

Notes
Turn   | Place    | Note
-------+----------+-------------------------------------------
     0 | D:1      | grimtooth the Ogre Berserker began the quest for the Orb.
     0 | D:1      | Reached XP level 1. HP: 24/24 MP: 1/1
    71 | D:1      | Reached XP level 2. HP: 30/32 MP: 2/2
   547 | D:1      | Found Qior's Magic Scroll Shoppe.
   555 | D:1      | Bought a scroll of identify for 24 gold pieces
   677 | D:1      | Reached XP level 3. HP: 30/39 MP: 3/3
   963 | D:1      | Bought a scroll of identify for 24 gold pieces
  1093 | D:2      | Reached ** piety under Trog
  1399 | D:2      | Reached XP level 4. HP: 42/48 MP: 4/4
  1588 | D:2      | Reached skill level 5 in Axes
  1924 | D:2      | - could have been bad... who expects berserk fail
  2621 | D:3      | Reached XP level 5. HP: 26/54 MP: 5/5
  2817 | D:3      | Found a white marble altar of Elyvilon.
  2975 | D:3      | Found a faded altar of an unknown god.
  3891 | D:4      | Found an iron altar of Okawaru.
  3891 | D:4      | Found an ornate altar of the Wu Jian Council.
  3891 | D:4      | Found a burning altar of Makhleb.
  3891 | D:4      | Found a hide-covered altar of Uskayaw.
  3897 | D:4      | Found a broken altar of Ashenzari.
  3897 | D:4      | Found a glowing golden altar of the Shining One.
  3965 | D:4      | Reached skill level 5 in Fighting
  3965 | D:4      | Reached XP level 6. HP: 59/66 MP: 6/6
  4015 | D:4      | Noticed Ijyb
  4023 | D:4      | Killed Ijyb
  4026 | D:4      | Reached *** piety under Trog
  4352 | D:4      | Found Zigru's Assorted Antiques.
  4367 | D:4      | Noticed Robin
  4429 | D:4      | Killed Robin
  4496 | D:4      | Bought a scroll labelled NOD VE RARO for 24 gold pieces
  4496 | D:4      | Bought a scroll labelled NOD VE RARO for 24 gold pieces
  4496 | D:4      | Bought a dark potion for 21 gold pieces
  4498 | D:4      | Bought a scroll labelled XIXEHU USOKUCOOF for 24 gold
                  | pieces
  4498 | D:4      | Bought a scroll labelled KUQIOSAUHI for 24 gold pieces
  4498 | D:4      | Bought a scroll labelled QUJAEJ JY LIS for 24 gold pieces
  4567 | D:1      | Bought a scroll of identify for 24 gold pieces
  4808 | D:5      | Entered Level 5 of the Dungeon
  4820 | D:5      | Reached skill level 6 in Fighting
  4837 | D:5      | Noticed a necrophage
  4857 | D:5      | Killed a necrophage
  4858 | D:5      | Reached skill level 1 in Maces & Flails
  4858 | D:5      | Reached XP level 7. HP: 63/76 MP: 7/7
  5112 | D:5      | Reached skill level 7 in Fighting
  5421 | D:5      | Reached skill level 8 in Fighting
  5825 | D:5      | Noticed Dowan
  5825 | D:5      | Noticed Duvessa
  5848 | D:5      | Killed Dowan
  5849 | D:5      | Reached XP level 8. HP: 78/89 MP: 8/8
  5908 | D:5      | Found Tonotud's General Store.
  5919 | D:5      | Bought a scroll of identify for 22 gold pieces
  6084 | D:6      | Reached skill level 9 in Fighting
  6375 | D:6      | Reached skill level 10 in Fighting
  6613 | D:6      | Found a shimmering altar of Xom.
  6743 | D:6      | Reached **** piety under Trog
  7444 | D:7      | Reached skill level 11 in Fighting
  7444 | D:7      | Reached XP level 9. HP: 72/97 MP: 9/9
  8010 | D:7      | Reached skill level 12 in Fighting
  8013 | D:7      | Reached skill level 1 in Throwing
  8190 | D:7      | Found a staircase to the Ecumenical Temple.
  8298 | D:8      | Noticed an efreet
  8438 | D:8      | You fall into a shaft and drop 1 floor!
  8447 | D:9      | Noticed a tengu conjurer
  8456 | D:9      | Killed a tengu conjurer
  8457 | D:9      | Reached skill level 5 in Maces & Flails
  8457 | D:9      | Reached skill level 1 in Shields
  8475 | D:9      | Found a staircase to the Lair.
  8480 | D:9      | Noticed a troll
  8490 | D:9      | Killed a troll
  8549 | D:9      | Found a staircase to the Orcish Mines.
  8635 | D:9      | Found a flagged portal.
  8660 | Bailey   | Entered a bailey
  8909 | Bailey   | Noticed an orc knight
  8926 | Bailey   | Killed an orc knight
  8927 | Bailey   | Reached XP level 10. HP: 66/115 MP: 10/10
  8931 | Bailey   | Found a burning altar of Makhleb.
  8953 | Bailey   | Identified the +1 leather armour of Purpose {rElec rC+
                  | Regen+}
  9179 | D:9      | - weak
  9574 | D:8      | Reached skill level 5 in Throwing
  9968 | D:5      | Killed Duvessa
 10039 | D:1      | Bought a scroll of identify for 24 gold pieces
 10109 | D:4      | Bought a scroll of identify for 48 gold pieces
 10109 | D:4      | Bought a steel ring for 120 gold pieces
 10160 | D:5      | Bought a potion of curing for 33 gold pieces
 10641 | D:9      | Found Tecoeg's Antique Armour Emporium.
 10740 | D:10     | Entered Level 10 of the Dungeon
 11145 | D:10     | Found a shadowy altar of Dithmenos.
 11620 | D:10     | Found a blossoming altar of Fedhas.
 11622 | D:10     | Found an ancient bone altar of Kikubaaqudgha.
 11743 | D:10     | Noticed a two-headed ogre
 11764 | D:10     | Killed a two-headed ogre
 11765 | D:10     | Reached skill level 5 in Shields
 12362 | Lair:1   | Entered Level 1 of the Lair of Beasts
 12601 | Lair:1   | Noticed a cane toad
 12609 | Lair:1   | Killed a cane toad
 12708 | Lair:1   | Reached XP level 11. HP: 114/123 MP: 11/11
 13042 | Lair:1   | Reached ***** piety under Trog
 13045 | Lair:1   | Reached skill level 5 in Dodging
 14414 | Lair:2   | Reached skill level 13 in Fighting
 14905 | Lair:2   | Found a staircase to the Shoals.
 15379 | Lair:3   | Reached skill level 14 in Fighting
 15647 | Lair:3   | Reached XP level 12. HP: 105/140 MP: 12/12
 15654 | Lair:3   | You fall into a shaft and drop 2 floors!
 15765 | Lair:5   | Reached skill level 15 in Fighting
 15993 | Lair:5   | Noticed a death yak
 15993 | Lair:5   | Noticed a death yak
 15993 | Lair:5   | Noticed a death yak
 15995 | Lair:5   | Noticed a death yak
 16018 | Lair:5   | Noticed a death yak
 16039 | Lair:5   | Killed a death yak
 16051 | Lair:5   | Killed a death yak
 16053 | Lair:5   | Noticed a death yak
 16346 | Lair:5   | Identified a scroll of acquirement
 16454 | Lair:5   | Killed a death yak
 16837 | Lair:5   | Killed a death yak
 16844 | Lair:5   | Killed a death yak
 16855 | Lair:5   | Killed a death yak
 17465 | Lair:4   | HP: 7/141 [black mamba (14)]
 18635 | Lair:3   | Received a gift from Trog
 19448 | Lair:3   | Reached XP level 13. HP: 66/149 MP: 13/13
 19830 | Lair:3   | Found a hole to the Spider Nest.
 21531 | D:9      | Bought a glowing cloak for 187 gold pieces
 21531 | D:9      | Bought an embroidered robe for 92 gold pieces
 21665 | Lair:4   | - chasing a butterfly
 21665 | Lair:4   | - this is just how i lost that other good one
 22493 | Lair:4   | Reached skill level 16 in Fighting
 22668 | Lair:5   | Identified the +5 quarterstaff "grimtooth's Peril" {vorpal,
                  | rN++}
 23164 | Lair:6   | Entered Level 6 of the Lair of Beasts
 23165 | Lair:6   | - smells like a pon
 23165 | Lair:6   | - d
 23601 | Lair:6   | - and i have no curing
 23907 | Lair:5   | - man i hat ponds
 23907 | Lair:5   | - hate
 24060 | D:9      | Acquired a +0 hat of willpower
 24068 | Orc:1    | Entered Level 1 of the Orcish Mines
 24078 | Orc:1    | Found Ypaugh's Antique Weapon Shop.
 24309 | Orc:1    | Found Qeaschu's Antique Weapon Emporium.
 24322 | Orc:1    | Received a gift from Trog
 24429 | Orc:1    | Found Sauqear's Antique Weapon Boutique.
 24567 | Orc:2    | Entered Level 2 of the Orcish Mines
 25013 | Orc:2    | Reached XP level 14. HP: 143/163 MP: 14/14
 25177 | Orc:2    | Reached skill level 17 in Fighting
 25858 | Orc:2    | Found Lega's Antique Armour Shop.
 25891 | Orc:2    | Found Jowugih's Book Boutique.
 25961 | Orc:2    | Found a radiant altar of Vehumet.
 25961 | Orc:2    | Noticed Erolcha
 25981 | Orc:2    | Killed Erolcha
 26094 | Orc:2    | Found Eshudih's Distillery.
 26098 | Orc:2    | Noticed Nergalle
 26118 | Orc:2    | Killed Nergalle
 26174 | Orc:2    | Reached skill level 1 in Evocations
 26181 | Orc:2    | Found an ancient bone altar of Kikubaaqudgha.
 26254 | Orc:2    | Found Syduag's Antique Armour Boutique.
 26421 | Orc:2    | Noticed Sonja
 26586 | Orc:2    | Found a staircase to the Elven Halls.
 26745 | Orc:2    | Killed Sonja
 26987 | D:1      | Bought a scroll of blinking for 90 gold pieces
 26987 | D:1      | Bought a scroll of blinking for 90 gold pieces
 26987 | D:1      | Bought a scroll of blinking for 90 gold pieces
 26987 | D:1      | Bought a scroll of magic mapping for 42 gold pieces
 27200 | Orc:2    | Bought a glowing hat for 189 gold pieces
 27216 | Orc:2    | Bought a potion of heal wounds for 65 gold pieces
 27453 | D:11     | Identified the +3 war axe of Poeho {elec, Drain Will- Str+4
                  | Int+10}
 27744 | D:11     | Reached ****** piety under Trog
 27749 | D:11     | Received a gift from Trog
 27765 | D:11     | Found a portal to a secret trove of treasure.
 28711 | D:12     | Noticed Frances
 28721 | D:12     | Killed Frances
 28874 | D:12     | Reached skill level 18 in Fighting
 29116 | D:12     | Noticed Jorgrun
 29137 | D:12     | Killed Jorgrun
 29138 | D:12     | Reached skill level 10 in Throwing
 29873 | D:12     | Identified the +6 short sword of Boymell {antimagic, rF+
                  | Will+}
 30723 | D:13     | Received a gift from Trog
 30727 | D:13     | Reached skill level 5 in Evocations
 31157 | D:13     | Reached XP level 15. HP: 96/176 MP: 15/15
 31157 | D:13     | Paralysed by a yaktaur for 5 turns
 31747 | D:13     | Found a gate to the Vaults.
 32563 | D:14     | Found Yghor's Jewellery Boutique.
 32805 | D:14     | Identified the amulet of the Kangaroo {Acrobat MP+9}
 33084 | D:14     | Found a runed translucent gate.
 33085 | D:14     | Found a runed translucent gate.
 33088 | D:14     | Found a runed translucent gate.
 33091 | D:14     | Noticed Ponit's ghost (journeyman DECj)
 33674 | D:14     | Received a gift from Trog
 33687 | D:14     | Found Segyonk's Antique Armour Emporium.
 34074 | D:14     | Noticed a fire giant
 34320 | D:14     | Killed a fire giant
 34377 | D:14     | Found Oteggy's Weapon Shop.
 34469 | D:14     | Identified the +2 leather armour of Existentialism {Int+4}
 34580 | D:14     | Found a sparkling altar of Nemelex Xobeh.
 34624 | D:15     | Entered Level 15 of the Dungeon
 35041 | D:15     | Reached skill level 10 in Maces & Flails
 35977 | D:15     | Found a staircase to the Depths.
 36428 | D:15     | Identified the +3 dagger of the Endless Expanse {antimagic,
                  | Str+6}
 36941 | D:5      | Bought 2 potions of flight for 66 gold pieces
 38089 | Lair:6   | Reached XP level 16. HP: 166/175 MP: 16/16
 38219 | Lair:6   | Found a hide-covered altar of Uskayaw.
 38494 | Lair:6   | Reached skill level 19 in Fighting
 38510 | Lair:6   | Found a staircase to the Slime Pits.
 38770 | Lair:6   | Identified the +2 robe of Intuition {Int+2 Dex+2}
 39112 | Lair:6   | Received a gift from Trog
 39392 | Lair:6   | Found the +8 lance "Wyrmbane" {slay drac, rPois rF+ rC+
                  | AC+3}
 39760 | Spider:1 | Entered Level 1 of the Spider Nest
 39835 | Spider:1 | Reached skill level 1 in Polearms
 40375 | Spider:1 | Noticed Asterion
 40393 | Spider:1 | Killed Asterion
 43520 | Spider:2 | Received a gift from Trog
 44770 | Spider:3 | Reached skill level 5 in Polearms
 45282 | Spider:3 | Reached skill level 20 in Fighting
 46311 | Spider:4 | Entered Level 4 of the Spider Nest
 46453 | Spider:4 | Found a frozen archway.
 46469 | IceCv    | Entered an ice cave
 46966 | IceCv    | Received a gift from Trog
 47610 | IceCv    | Reached XP level 17. HP: 201/201 MP: 17/17
 49900 | Spider:4 | - not good
 49914 | Spider:4 | - fuckin hell
 49916 | Spider:4 | HP: 8/201 [entropy weaver (9)]
 49916 | Spider:4 | Mangled by an entropy weaver

Illustrated notes #g##.#.#......# #.##.#.#......# #.##.#.#......# #.##.#.#......#..... #.##.#.####.###..... #..g...# ##.###..... ####g#####...##....# #...........#..... #.#...........#.# ## .# #...###...).#.#.#..# .# #.........@##.#...# ##.# #...####...).....###.#.### ##### #..###.#...#.# ... #..###.##.#.###.# #......# .##.#..# #...#####...#..# #^..# #####.### #..)# ###>.....# #...# #.....)..# .######...####.#.#.......# ..........)..............# Turn 1924 on D:2: - could have been bad... who expects berserk fail #.......... ####..........# . ..........#...#.. ..........#...#.# . ..........#...#.#.. ..........##....... ..........##.≈≈≈≈ ...(......##.≈##### ###+#........≈#...# ....#........≈#.∩.# ## .......#####.≈#.@.# .... .......## #..≈##.##≈.# ........# #..≈≈))≈≈≈.# ........# #..........# ........###.###..#..## ............ #...#.# ............ #....... ........#.#. #.......# ........#.## ........# ##.......... .....>..# #.#......# ........# Turn 9179 on D:9: - weak # #^........## #.≈≈≈≈.≈≈≈≈≈ ## #.........# ##.≈≈≈≈≈≈≈≈≈. .### #.........###..≈≈≈≈≈≈≈≈.. ...# ###.>.......##P..≈≈≈≈≈≈≈..# #†## #...S........#.....≈≈≈.≈.## #.## #.........##......#####≈## #..# ##........##.#..#.#.# ### #(####..D....P.####.....## ...##........b#.#.##.....## ..#.##....##..O....##.....# .........###....@D.....$..# ##.#P#..## #..............# #####..# ##................ #P..# #................. #..P# #...P.............# ##... ###................ ...# #...............# #..# ###....#........ ####....#.#.. #....##. Turn 21665 on Lair:4: - chasing a butterfly ## #.# # . # #..#... ....#.##..P..# .......@.....# ......#.#.....# #.... ... ..... .... ..... .... .≈≈ .≈.≈... ≈.. ≈≈ #≈≈l#≈≈## .. ≈ #≈≈# ≈.# . ≈≈≈ ≈P≈ Turn 23165 on Lair:6: - smells like a pon ### #### ##@# ##...###.## .(...P..### .#.#..P...# ### #.#....††#### ##.# ##. #.P.F.((÷#.######..#.... .....P.(.÷.÷.#.##†....# ......P....(.÷...<†....# .##.............#.#.....# #.......#......÷........ #.≈....≈................ Turn 23601 on Lair:6: - and i have no curing

.....#....###P...####.####.......
....#....#.##P...P##.###.#......#
.....##...###.....#.............#
...........P#....P...............
...........###....PP............#
....###...## #....####...#.....##
.....###.## ##....##.#.##........
....###...###.....P#.P+..........
....###...P......................
.................S...............
................@F...............
.....###.)P#.#.F.................
P.....######....P##..#.#.#.......
P...#### ##...#####....##......
.....#.######....####P..###...###
P.........##.#...##.<....##....##
#...P##...###...##P......##...#..
#...##...#.#.#..P##.....###....#.
#...###.#####(...####PP.###P..#.#
....####.#####...####..###P.....P
.....PP.....P.....##....P.......P


Turn 23907 on Lair:5: - man i hat ponds ,..<...(#...#### ......#..#.....#
.............†<# ......#........### ..........†....#.## ............#(....#
............(...#### .......(...(....#..# ......((...(s.....#*#
$..#((......†*....#.# ................@...## ..s........(..°*.....#
...........s°○.......# [...............#...## ........./........###
...................# ..........s........## ,,,,..............!$##
,,*,,,........#<.....# ,,,,,,,,.......s.....# ,,,,,,,,............## Turn 49900
on Spider:4: - not good ,...#*** ......,* ......##### .<...(#...####
....#..#.....# ...........†<# ....#........### ........†....#.##
..........#(....# ..........(...#### .....(...(....#B@# ....((...(....ss###
.#((......†...ss#.# ..................## s........(ss.......#
..............s....# ..............#...## ......./........### .................#
.................## ,,..............!$## Turn 49914 on Spider:4: - fuckin hell

Levels and vault maps discovered:
D:1:      moated_graveyard_arrival, layout_basic, serial_shops,
          nicolae_shop_waterfront, hangedman_decor_clover_reticule
D:2:      layout_loops_cross, minmay_tripent
D:3:      layout_rooms, lemuel_coloured_pillars_altar,
          hellmonk_ecumenical_altar_arch_garden
D:4:      layout_gridville, minmay_overflow_temple_hex, serial_shops, shop,
          kennysheep_generic_room_9, uniq_ijyb, uniq_crazy_yiuf_cottage,
          uniq_robin
D:5:      layout_rooms, serial_shops, nicolae_lakefront_shop, uniq_duvessa
D:6:      layout_cave_pools, brannock_xom_greatest_gift
D:7:      layout_gridville, minmay_temple_entry_fiery, grunt_ministairs_9
D:8:      layout_rooms
D:9:      layout_basic, dpeg_oklobed_lair, orc_0_dummy, enter_bailey_3,
          serial_shops, kennysheep_mini_moat
D:10:     layout_basic, nicolae_overflow_hidden_temple,
          statue_in_the_mist_lemuel, kennysheep_generic_room_10
D:11:     layout_stronghold, nicolae_trove_entry_free_sample
D:12:     layout_irregular_city, uniq_frances, uniq_jorgrun
D:13:     layout_gridville, hangedman_vaults_entry_quadrant_bands
D:14:     minmay_glassy_protrusions, layout_cave_pools,
          gammafunk_ghost_hydra_chop, serial_shops, shop, nicolae_square_shop,
          nicolae_shop_temple_entry_statues_fountains, serial_bayou_ford_a,
          nemelex_diamond_rough_becter
D:15:     gammafunk_depths_entry_grave, layout_irregular_city, minivault_19,
          nicolae_twisting_strands
Lair:1:   layout_gridlike, grunt_forest_large_clearing_hut, lemuel_fruit_fields
Lair:2:   layout_regular_city, shoals_dummy_entry,
          chequers_serial_rivers_large_b
Lair:3:   layout_roguey [special_room_bee], spider_nest_entry_funnel_web
Lair:4:   layout_cave_pods, grunt_megastairs_2, serial_bayou_shore_b,
          lemuel_fruit_fields, infiniplex_staircase_pool_2
Lair:5:   layout_regular_city, infiniplex_staircase_pool
Lair:6:   gammafunk_lair_ancient_temple, layout_loops_ring,
          minmay_slime_entry_pillars, basic_altar, special_room
          [special_room_mythical_zoo]
Spider:1: layout_chambers, uniq_asterion
Spider:2: nicolae_spider_hilbert_zone_7 [nicolae_spider_hilbert_4_sides_1_open,
          nicolae_spider_hilbert_4_sides_1_open,
          nicolae_spider_hilbert_4_sides_1_open,
          nicolae_spider_hilbert_4_sides_1_open,
          nicolae_spider_hilbert_3_sides_1_open,
          nicolae_spider_hilbert_3_sides_1_open,
          nicolae_spider_hilbert_3_sides_1_open,
          nicolae_spider_hilbert_3_sides_1_open,
          nicolae_spider_hilbert_4_sides_1_open,
          nicolae_spider_hilbert_4_sides_1_open,
          nicolae_spider_hilbert_4_sides_1_open,
          nicolae_spider_hilbert_2_sides_1_open,
          nicolae_spider_hilbert_2_sides_1_open,
          nicolae_spider_hilbert_2_sides_1_open,
          nicolae_spider_hilbert_2_sides_1_open,
          nicolae_spider_hilbert_2_sides_1_open,
          nicolae_spider_hilbert_2_sides_1_open]
Spider:3: layout_spider_delve, drop_trap, nicolae_spider_eight_legs
Spider:4: grunt_spider_rune_parallel, portal_ice_cave_entry_pillars_four,
          nicolae_spider_scorpion_nest
Orc:1:    layout_caves, serial_shops, shop, nicolae_shop_stone, shop
Orc:2:    kennysheep_orc_mage_school, layout_caves, special_room,
          mines_bat_river, uniq_sonja

Skill      XL: |  1  2  3  4  5  6  7  8  9 10 11 12 13 14 15 16 17 |
---------------+----------------------------------------------------+-----
Axes           | 4 5 6 7 |  7.8
Fighting       | 5 6 8 11 12 14 15 16 18 20 | 20.0
Maces & Flails | 1 2 4 6 7 8 11 12 13 | 13.2
Throwing       | 4 6 9 10 12 | 12.0
Shields        | 2 6 8 9 |  9.0
Dodging        | 3 6 9 |  9.0
Evocations     | 5 6 |  6.0
Polearms       | 6 7 |  7.3

Action                   |  1- 3 |  4- 6 |  7- 9 | 10-12 | 13-15 | 16-18 || total
-------------------------+-------+-------+-------+-------+-------+-------++-------
Melee: Hand axe          |    91 |   198 |   193 |   672 |   532 |       ||  1686
       Whip              |       |       |    12 |       |       |       ||    12
       Broad axe         |       |       |       |       |    82 |   482 ||   564
       War axe           |       |       |       |       |   380 |       ||   380
       Lance             |       |       |       |       |       |    32 ||    32
Throw: Stone             |    38 |    59 |    60 |    48 |    34 |       ||   239
       Dart              |       |     3 |    39 |    20 |    35 |   150 ||   247
       Javelin           |       |     1 |     2 |     2 |       |       ||     5
       Boomerang         |       |       |     4 |    29 |   193 |   142 ||   368
       Large rock        |       |       |       |       |    23 |    11 ||    34
Invok: Berserk           |       |     3 |     2 |       |       |     2 ||     7
       Trog's Hand       |       |     1 |     2 |     4 |    11 |     3 ||    21
       Brothers in Arms  |       |       |       |     1 |     5 |     1 ||     7
Evoke: Wand              |       |     1 |     4 |     7 |    11 |    20 ||    43
       Phial of floods   |       |       |       |       |     1 |       ||     1
  Use: Scroll            |     2 |     6 |     7 |    15 |     9 |     7 ||    46
       Potion            |       |       |     2 |     7 |     7 |     8 ||    24
 Stab: Sleeping          |     1 |       |       |       |     1 |       ||     2
       Invisible         |       |       |     1 |       |       |       ||     1
       Paralysed         |       |       |       |       |     4 |       ||     4
       Distracted        |       |       |       |       |       |     1 ||     1
Armor: Animal skin       |    26 |    43 |    39 |   105 |     7 |       ||   220
       Robe              |       |       |       |       |   245 |   190 ||   435
Dodge: Dodged            |    39 |    86 |   135 |   329 |   580 |   422 ||  1591
Block: Kite shield       |       |       |       |   259 |   628 |   460 ||  1347
